3L
TOLEDO STINGERS @ VANCOUVER GREY WOLVES
08/21/2041
 
TOP OF THE 1ST
Toledo Stingers batting - Pitching for Vancouver Grey Wolves : RHP Mark Erwin
Pitching: RHP Mark Erwin
Batting: RHB Brook Linen 0-0: Ball
1-0: Ball
2-0: Called Strike
2-1: Ground out 6-3 (Groundball, 6, EV 93.8 MPH)
Batting: LHB Matt Dunlap 0-0: Ball
1-0: Called Strike
1-1: Ball
2-1: Swinging Strike
2-2: Ball
3-2: DOUBLE (Line Drive, 8LXD, EV 103.8 MPH)
Batting: LHB Pedro Serano 0-0: Fly out, F7 (Line Drive, 7, EV 104.4 MPH)
Batting: LHB Lester Threlfall 0-0: Called Strike
0-1: Fly out, F8 (Flyball, 8RS, EV 80.6 MPH)
Top of the 1st over - 0 runs, 1 hit, 0 errors, 1 left on base; Toledo 0 - Vancouver 0
BOTTOM OF THE 1ST
Vancouver Grey Wolves batting - Pitching for Toledo Stingers : RHP Jessie Young
Pitching: RHP Jessie Young
Batting: LHB Yoritomo Sato 0-0: Ball
1-0: Foul Ball, location: 2F
1-1: Ground out 1-3 (Groundball, 15, EV 66.2 MPH)
Batting: LHB José Arras 0-0: Ball
1-0: Swinging Strike
1-1: Called Strike
1-2: DOUBLE (Flyball, 8LXD, EV 104.4 MPH)
Batting: RHB Phil van Oosterom 0-0: Fly out, F9 (Line Drive, 9, EV 102.5 MPH)
Batting: LHB Javier Sánchez 0-0: Called Strike
0-1: Fly out, F7 (Flyball, 78M, EV 90.0 MPH)
Bottom of the 1st over - 0 runs, 1 hit, 0 errors, 1 left on base; Toledo 0 - Vancouver 0
TOP OF THE 2ND
Toledo Stingers batting - Pitching for Vancouver Grey Wolves : RHP Mark Erwin
Batting: SHB Adam Clements 0-0: Ball
1-0: Ball
2-0: SINGLE (Line Drive, 4M, EV 93.8 MPH)
Batting: RHB David Alcabú 0-0: Called Strike
0-1: Called Strike
0-2: SINGLE (Groundball, 56D, EV 102.5 MPH)
Adam Clements to second
Batting: LHB Grover Barbaran 0-0: Foul Ball, location: 2F
0-1: Swinging Strike
0-2: Foul Ball, location: 2F
0-2: Foul Ball, location: 2F
0-2: Strikes out looking
Batting: RHB Alfredo Martínez 0-0: Ball
1-0: Ball
2-0: Ball
3-0: Base on Balls
Adam Clements to third
David Alcabú to second
Batting: RHB Anselmo Berneu 0-0: Ball
1-0: Ball
2-0: Ball
3-0: Called Strike
3-1: Fly out, F9 (Flyball, 9, EV 85.6 MPH)
Runner from 3rd tags up, SCORES, throw by RF
David Alcabú to third
Batting: RHB Brook Linen 0-0: Called Strike
0-1: Foul Ball, location: 2F
0-2: Fly out, F7 (Flyball, 7D, EV 86.9 MPH)
Top of the 2nd over - 1 run, 2 hits, 0 errors, 2 left on base; Toledo 1 - Vancouver 0
BOTTOM OF THE 2ND
Vancouver Grey Wolves batting - Pitching for Toledo Stingers : RHP Jessie Young
Batting: RHB Rafael Maldonado 0-0: Ball
1-0: Ball
2-0: Ball
3-0: SINGLE (Groundball, 56D, EV 97.5 MPH)
Batting: LHB Robbie Brendle 0-0: Foul Ball, location: 2F
0-1: Fly out, F8 (Line Drive, 8LM, EV 101.2 MPH)
Batting: LHB Cameron Woolever 0-0: Ball
1-0: Swinging Strike
1-1: Foul Ball, location: 2F
1-2: Fielders Choice at 2nd, 4-6 (Groundball, 4M, EV 102.5 MPH)
Batting: RHB David Stone 0-0: Ball
Cameron Woolever is caught stealing 2nd base 2-4
Bottom of the 2nd over - 0 runs, 1 hit, 0 errors, 0 left on base; Toledo 1 - Vancouver 0
TOP OF THE 3RD
Toledo Stingers batting - Pitching for Vancouver Grey Wolves : RHP Mark Erwin
Batting: LHB Matt Dunlap 0-0: Called Strike
0-1: Ball
1-1: Foul Ball, location: 2F
1-2: Ball
2-2: Ball
3-2: Foul Ball, location: 2F
3-2: Ground out 5-3 (Groundball, 5, EV 85.6 MPH)
Batting: LHB Pedro Serano 0-0: Ball
1-0: Ground out U3 (Groundball, 3L, EV 86.9 MPH)
Batting: LHB Lester Threlfall 0-0: Ball
1-0: Ground out 6-3 (Groundball, 6, EV 108.8 MPH)
Top of the 3rd over - 0 runs, 0 hits, 0 errors, 0 left on base; Toledo 1 - Vancouver 0
BOTTOM OF THE 3RD
Vancouver Grey Wolves batting - Pitching for Toledo Stingers : RHP Jessie Young
Batting: RHB David Stone 0-0: Ball
1-0: Ball
2-0: Ball
3-0: Base on Balls
Batting: RHB Kevin Malone 0-0: Ball
1-0: Called Strike
1-1: Foul Ball, location: 2F
1-2: Foul Ball, location: 2F
1-2: Ball
2-2: SINGLE (Line Drive, 34, EV 93.8 MPH)
David Stone to second
Runner from 2nd tries for 3rd, SAFE, throw by RF made to third
Batting: LHB Yoritomo Sato 0-0: Swinging Strike
0-1: Foul Ball, location: 2F
0-2: Foul Ball, location: 2F
0-2: Ball
1-2: Foul Ball, location: 2F
1-2: Ball
2-2: Ball
3-2: Base on Balls
Kevin Malone to second
Batting: LHB José Arras 0-0: Swinging Strike
0-1: Foul Ball, location: 2F
0-2: Ball
1-2: Ball
2-2: Ball
3-2: Ground out 4-3 (Groundball, 4S, EV 89.4 MPH)
David Stone scores
Kevin Malone to third
Yoritomo Sato to second
Batting: RHB Phil van Oosterom 0-0: Ball
1-0: Ball
2-0: Called Strike
2-1: Fly out, F8 (Flyball, 8LM, EV 81.9 MPH)
Batting: LHB Javier Sánchez 0-0: Called Strike
0-1: Called Strike
0-2: Foul Ball, location: 2F
0-2: Ball
1-2: SINGLE (Groundball, 6D, EV 103.1 MPH)
Kevin Malone scores
Yoritomo Sato to third
Runner from 3rd tries for Home, SAFE, no throw by CF
Batting: RHB Rafael Maldonado 0-0: Ball
1-0: Ball
2-0: DOUBLE (Groundball, 5L, EV 97.5 MPH)
Javier Sánchez to third
Runner from 3rd tries for Home, SAFE, throw by LF to home
Batting: LHB Robbie Brendle 0-0: Foul Ball, location: 2F
0-1: Called Strike
0-2: Ball
1-2: Ball
2-2: 2-RUN HOME RUN (Flyball, 9D, EV 97.5 MPH), Distance : 350 ft
Pitching: LHP Ángel Silva
Batting: LHB Cameron Woolever 0-0: Called Strike
0-1: Ball
1-1: Fly out, F8 (Flyball, 89M, EV 91.2 MPH)
Bottom of the 3rd over - 6 runs, 4 hits, 0 errors, 0 left on base; Toledo 1 - Vancouver 6
TOP OF THE 4TH
Toledo Stingers batting - Pitching for Vancouver Grey Wolves : RHP Mark Erwin
Batting: SHB Adam Clements 0-0: Ball
1-0: Ball
2-0: Ball
3-0: Base on Balls
Batting: RHB David Alcabú 0-0: Ball
1-0: Called Strike
1-1: Grounds into double play, 5-4-3 (Groundball, 56, EV 87.5 MPH)
Batting: LHB Grover Barbaran 0-0: Ball
1-0: Ball
2-0: Called Strike
2-1: Foul Ball, location: 2F
2-2: Ground out 1-3 (Groundball, 13S, EV 68.8 MPH)
Top of the 4th over - 0 runs, 0 hits, 0 errors, 0 left on base; Toledo 1 - Vancouver 6
BOTTOM OF THE 4TH
Vancouver Grey Wolves batting - Pitching for Toledo Stingers : LHP Ángel Silva
Batting: RHB David Stone 0-0: Called Strike
0-1: Called Strike
0-2: SINGLE (Groundball, 6MS, EV 75.6 MPH) (infield hit)
Batting: RHB Kevin Malone 0-0: Ball
1-0: Fielders Choice at 2nd, 6-4 (Groundball, 6, EV 84.4 MPH)
Batting: LHB Yoritomo Sato 0-0: Ball
1-0: Ball
2-0: Called Strike
2-1: Called Strike
2-2: Foul Ball, location: 2F
2-2: Ball
3-2: Foul Ball, location: 2F
3-2: Ground out 3-1 (Groundball, 34S, EV 82.5 MPH)
Kevin Malone to second
Batting: LHB José Arras 0-0: Called Strike
0-1: Swinging Strike
0-2: Ball
1-2: Ball
2-2: Ground out U3 (Groundball, 3, EV 81.2 MPH)
Bottom of the 4th over - 0 runs, 1 hit, 0 errors, 1 left on base; Toledo 1 - Vancouver 6
TOP OF THE 5TH
Toledo Stingers batting - Pitching for Vancouver Grey Wolves : RHP Mark Erwin
Batting: RHB Alfredo Martínez 0-0: Called Strike
0-1: Ground out U3 (Groundball, 3, EV 103.8 MPH)
Batting: RHB Anselmo Berneu 0-0: Ground out 6-3 (Groundball, 6, EV 97.5 MPH)
Batting: RHB Brook Linen 0-0: Ball
1-0: Called Strike
1-1: Ball
2-1: Ground out 5-3 (Groundball, 56S, EV 83.1 MPH)
Top of the 5th over - 0 runs, 0 hits, 0 errors, 0 left on base; Toledo 1 - Vancouver 6
BOTTOM OF THE 5TH
Vancouver Grey Wolves batting - Pitching for Toledo Stingers : LHP Ángel Silva
Batting: RHB Phil van Oosterom 0-0: Fly out, F7 (Flyball, 7LM, EV 84.4 MPH)
Batting: LHB Javier Sánchez 0-0: Ball
1-0: SOLO HOME RUN (Flyball, 9D, EV 95.6 MPH), Distance : 339 ft
Batting: RHB Rafael Maldonado 0-0: Ball
1-0: Foul Ball, location: 2F
1-1: Swinging Strike
1-2: Foul Ball, location: 2F
1-2: Strikes out swinging
Batting: LHB Robbie Brendle 0-0: Ball
1-0: Foul Ball, location: 2F
1-1: Ground out 6-3 (Groundball, 6, EV 85.6 MPH)
Bottom of the 5th over - 1 run, 1 hit, 0 errors, 0 left on base; Toledo 1 - Vancouver 7
TOP OF THE 6TH
Toledo Stingers batting - Pitching for Vancouver Grey Wolves : RHP Mark Erwin
Pitching: LHP Ángel Flores
Batting: LHB Matt Dunlap 0-0: Ball
1-0: Foul Ball, location: 2F
1-1: SINGLE (Groundball, 3D, EV 106.2 MPH)
Batting: LHB Pedro Serano 0-0: Foul Ball, location: 2F
0-1: Called Strike
0-2: Strikes out looking
Batting: LHB Lester Threlfall 0-0: Called Strike
0-1: Ball
1-1: SINGLE (Groundball, 6MD, EV 106.2 MPH)
Matt Dunlap to second
Batting: SHB Adam Clements 0-0: Swinging Strike
0-1: Called Strike
0-2: Foul Ball, location: 2F
0-2: Strikes out swinging
Batting: RHB David Alcabú 0-0: Swinging Strike
0-1: Ball
1-1: Fly out, F4 (Line Drive, 4, EV 70.0 MPH)
Top of the 6th over - 0 runs, 2 hits, 0 errors, 2 left on base; Toledo 1 - Vancouver 7
BOTTOM OF THE 6TH
Vancouver Grey Wolves batting - Pitching for Toledo Stingers : LHP Ángel Silva
Batting: LHB Cameron Woolever 0-0: Ball
1-0: Foul Ball, location: 2F
1-1: Ball
2-1: Swinging Strike
2-2: Strikes out swinging
Batting: RHB David Stone 0-0: Fly out, F9 (Flyball, 9LD, EV 98.8 MPH)
Batting: RHB Kevin Malone 0-0: SINGLE (Groundball, 56, EV 96.9 MPH)
Batting: LHB Yoritomo Sato 0-0: Ball
1-0: SINGLE (Line Drive, 8RS, EV 101.9 MPH)
Kevin Malone to second
Batting: LHB José Arras 0-0: Swinging Strike
0-1: Foul Ball, location: 2F
0-2: Ball
1-2: Fly out, F8 (Flyball, 89M, EV 81.2 MPH)
Bottom of the 6th over - 0 runs, 2 hits, 0 errors, 2 left on base; Toledo 1 - Vancouver 7
TOP OF THE 7TH
Toledo Stingers batting - Pitching for Vancouver Grey Wolves : LHP Ángel Flores
Batting: LHB Grover Barbaran 0-0: SINGLE (Line Drive, 5L, EV 96.2 MPH)
Batting: RHB Alfredo Martínez 0-0: Ball
1-0: Called Strike
1-1: Fly out, F3 (Popup, 3SF, EV 66.9 MPH)
Batting: RHB Anselmo Berneu 0-0: Ball
1-0: Fly out, F7 (Flyball, 7S, EV 83.1 MPH)
Batting: RHB Brook Linen 0-0: Ball
1-0: Called Strike
1-1: Foul Ball, location: 2F
1-2: Strikes out swinging
Top of the 7th over - 0 runs, 1 hit, 0 errors, 1 left on base; Toledo 1 - Vancouver 7
BOTTOM OF THE 7TH
Vancouver Grey Wolves batting - Pitching for Toledo Stingers : LHP Ángel Silva
Batting: RHB Phil van Oosterom 0-0: SINGLE (Groundball, 4MD, EV 100.0 MPH)
Batting: LHB Javier Sánchez 0-0: Foul Ball, location: 2F
0-1: Foul Ball, location: 2F
0-2: Fielders Choice at 2nd, 1-6 (Groundball, 34S, EV 81.2 MPH)
Batting: RHB Rafael Maldonado 0-0: Ball
1-0: Called Strike
1-1: Ball
2-1: Swinging Strike
2-2: Foul Ball, location: 2F
2-2: Ball
3-2: Base on Balls
Javier Sánchez to second
Batting: LHB Robbie Brendle 0-0: Ball
1-0: Ball
2-0: Reached on error, E4 (Groundball, 4, EV 102.5 MPH)
Javier Sánchez to third
Rafael Maldonado to second
Batting: LHB Cameron Woolever 0-0: Called Strike
0-1: Ball
1-1: Swinging Strike
1-2: Foul Ball, location: 2F
1-2: Strikes out swinging
Batting: RHB David Stone 0-0: Ball
1-0: Ball
Wild Pitch!
Javier Sánchez scores
Rafael Maldonado to third
Robbie Brendle to second
2-0: Called Strike
2-1: Fly out, F6 (Popup, 6MD, EV 53.8 MPH)
Bottom of the 7th over - 1 run, 1 hit, 1 error, 2 left on base; Toledo 1 - Vancouver 8
TOP OF THE 8TH
Toledo Stingers batting - Pitching for Vancouver Grey Wolves : LHP Ángel Flores
Batting: LHB Matt Dunlap 0-0: Called Strike
0-1: Swinging Strike
0-2: Ground out 1-3 (Groundball, 34S, EV 66.9 MPH)
Pinch Hitting: SHB Shiki Sanu 0-0: Called Strike
0-1: Ball
1-1: Ball
2-1: Foul Ball, location: 2F
2-2: Ball
3-2: Base on Balls
Pitching: LHP Quan Shiu
Batting: LHB Lester Threlfall 0-0: Called Strike
0-1: Ball
1-1: Swinging Strike
1-2: Fly out, F7 (Line Drive, 7, EV 94.4 MPH)
Pinch Hitting: RHB Joey Trifone 0-0: Called Strike
0-1: Ball
1-1: Ball
2-1: Foul Ball, location: 2F
2-2: Fly out, F8 (Flyball, 78D, EV 88.8 MPH)
Top of the 8th over - 0 runs, 0 hits, 0 errors, 1 left on base; Toledo 1 - Vancouver 8
BOTTOM OF THE 8TH
Vancouver Grey Wolves batting - Pitching for Toledo Stingers : LHP Ángel Silva
Now at 1B: Joey Trifone
Now at 2B: Shiki Sanu
Batting: RHB Kevin Malone 0-0: Called Strike
0-1: Ball
1-1: Called Strike
1-2: Ball
2-2: Strikes out looking
Batting: LHB Yoritomo Sato 0-0: Ground out 1-3 (Groundball, 34S, EV 85.6 MPH)
Pinch Hitting: RHB Jason Watts 0-0: Called Strike
0-1: Ball
1-1: Foul Ball, location: 2F
1-2: Foul Ball, location: 2F
1-2: Fly out, F9 (Flyball, 9LS, EV 85.0 MPH)
Bottom of the 8th over - 0 runs, 0 hits, 0 errors, 0 left on base; Toledo 1 - Vancouver 8
TOP OF THE 9TH
Toledo Stingers batting - Pitching for Vancouver Grey Wolves : LHP Quan Shiu
Now in LF: Jason Watts
Batting: RHB David Alcabú 0-0: Swinging Strike
0-1: Swinging Strike
0-2: Ball
1-2: Ball
2-2: Ball
3-2: Strikes out swinging
Batting: LHB Grover Barbaran 0-0: Ball
1-0: Ball
2-0: SINGLE (Groundball, 56S, EV 68.1 MPH) (infield hit)
Batting: RHB Alfredo Martínez 0-0: SINGLE (Flyball, 78S, EV 93.1 MPH)
Grover Barbaran to second
Batting: RHB Anselmo Berneu 0-0: Ball
1-0: Ball
2-0: 3-RUN HOME RUN (Flyball, 78XD, EV 101.9 MPH), Distance : 366 ft
Pitching: RHP Alejandro Araya
Batting: RHB Brook Linen 0-0: Called Strike
0-1: Ball
1-1: Ball
2-1: Ball
3-1: SINGLE (Flyball, 7LM, EV 91.9 MPH)
Batting: LHB Matt Dunlap 0-0: Called Strike
0-1: SINGLE (Groundball, 4MD, EV 95.0 MPH)
Brook Linen to second
Batting: SHB Shiki Sanu 0-0: Foul Ball, location: 2F
0-1: Swinging Strike
0-2: Foul Ball, location: 2F
0-2: 3-RUN HOME RUN (Flyball, 89XD, EV 88.8 MPH), Distance : 366 ft
Pitching: LHP Manuel Paílla
Now at 3B: Alejandro Cantú
Pinch Hitting: RHB Jesús Morán 0-0: Called Strike
0-1: Foul Ball, location: 2F
0-2: Strikes out swinging
Batting: RHB Joey Trifone 0-0: Fly out, F1 (Popup, P, EV 88.1 MPH)
Top of the 9th over - 6 runs, 6 hits, 0 errors, 0 left on base; Toledo 7 - Vancouver 8
Tuesday, January 5th, 2021 - OOTP Baseball 20.8 Build 74